Description

ZvP - proxy hatch to fast roaches

Replay - BlyOnFire v Geralt - Triton LE

Build Order

Get SALT Encoding   

  12  0:01  Action  Send a drone to protoss B3 position right away
  13  0:12  Overlord  
  13  0:17  Drone  
  14  0:31  Drone x2  
  16  0:41  Drone  
  17  0:55  Hatchery  Proxy to protoss B3
  16  0:59  Drone x2  
  18  1:10  Extractor  
  17  1:15  Spawning Pool  
  17  1:17  Drone x2  
  18  1:28  Drone  
  20  1:49  Extractor  
  21  2:03  Roach Warren, Queen x2  
  21  2:08  Zergling x2  
  25  2:14  Metabolic Boost  
  25  2:19  Zergling x2  
  26  2:24  Overlord  
  26  2:30  Overlord  
  26  2:47  Roach x2  
  26  2:48  Zergling x2  
  31  2:56  Roach  
  32  3:05  Overlord, Roach  
Spawning Tool Build Advisor. Get it on Overwolf

Go to:

Details

  • Created by: xenlee
  • Published on: Dec 25, 2019
  • Modified on: Dec 25, 2019
  • Patch: 4.11.0
Show
View Real Time Build Order
Export as new Build Order

Comments (0)

There are no comments. Be the first!

Create an account to comment!